 Dungeon Crawl Stone Soup version 0.17-a0-719-g32c6a46 (webtiles) character file.

10178 Kisielow the Fighter (level 11, -2/101 HPs)
             Began as a Minotaur Fighter on Apr 20, 2015.
             Was a High Priest of Makhleb.
             Slain by a spiny frog (10 damage)
             ... on level 1 of the Lair of Beasts.
             The game lasted 00:36:29 (12527 turns).

Kisielow the Fighter (Minotaur Fighter)            Turns: 12527, Time: 00:36:30

Health: -2/101     AC: 11    Str: 35    XL:     11   Next: 32%
Magic:  16/16      EV: 10    Int:  2    God:    Makhleb [*****.]
Gold:   847        SH:  0    Dex: 14    Spells: 0 memorised, 10 levels left

rFire  + . .     SeeInvis .     I - +0 great sword
rCold  + . .     Clarity  .     Q - +0 swamp dragon armour "Rackaf" {rPois Str+5 Dex+4} (curse)
rNeg   . . .     SustAb   .     (no shield)
rPois  +         Gourm    .     (helmet restricted)
rElec  .         Spirit   .     (no cloak)
rCorr  +         Warding  .     (no gloves)
rMut   .         Stasis   .     O - +0 pair of boots of Analysis {rF+ Str+4 Int-3}
MR     .....                    u - amulet of resist corrosion
Stlth  +.........               m - ring of ice
                                y - ring of protection from fire

@: lethally poisoned (-2 -> -12), not resistant to hostile enchantments, very
unstealthy
A: retaliatory headbutt, horns 2, spit poison 1, strong 1, MP-powered wands
a: Spit Poison, Minor Destruction, Lesser Servant of Makhleb, Major Destruction,
Greater Servant of Makhleb, Renounce Religion


You were on level 1 of the Lair of Beasts.
You worshipped Makhleb.
Makhleb was extremely pleased with you.
You were very hungry.

You visited 3 branches of the dungeon, and saw 12 of its levels.
You also visited: Labyrinth.

You collected 878 gold pieces.
You spent 31 gold pieces at shops.

Inventory:

Hand weapons
 a - a +1 long sword
 I - a +0 great sword (weapon)
 M - the +6 longbow "Dragon's Demise" {speed, MR+}
   (You found it in a labyrinth)

   Attacks with this weapon are significantly faster.
   It affects your resistance to hostile enchantments.
Armour
 c - a +1 shield
 r - a +2 pair of boots
 B - a +0 plate armour
 N - the +1 pair of boots of the Gusle {Dex+3}
   (You found it in a labyrinth)

   It affects your dexterity (+3).
 O - the +0 pair of boots of Analysis (worn) {rF+ Str+4 Int-3}
   (You found it in a labyrinth)

   It affects your strength (+4).
   It affects your intelligence (-3).
   It protects you from fire.
 P - a +2 plate armour of fire resistance
 Q - the cursed +0 swamp dragon armour "Rackaf" (worn) {rPois Str+5 Dex+4}
   (You found it in a labyrinth)

   It affects your strength (+5).
   It affects your dexterity (+4).
   It protects you from poison.
   It has a curse placed upon it.
Rods
 k - a +1 rod of shadows (14/14)
   (You took it off a minotaur in a labyrinth)
 H - a +6 rod of shadows (10/10)
   (You found it in a labyrinth)
Jewellery
 m - a ring of ice (right hand)
 q - a +6 ring of evasion {unknown}
 s - an uncursed ring of ice
 u - an amulet of resist corrosion (around neck)
 y - a ring of protection from fire (left hand)
 L - an uncursed amulet of resist corrosion
Magical devices
 A - a wand of magic darts (36)
 C - a wand of confusion (39)
 F - a wand of lightning (5)
 G - a wand of draining (13)
Scrolls
 e - a scroll of enchant armour
 f - 3 scrolls of magic mapping
 i - 2 scrolls of fear
 l - 2 scrolls of remove curse
 o - 5 scrolls of identify
 p - 7 scrolls of teleportation
 x - 2 scrolls of blinking
 z - 2 scrolls of fog
Potions
 b - a potion of agility
 g - a potion of restore abilities
 h - 2 potions of brilliance
 t - a potion of magic
 D - a potion of poison
 E - a potion of cure mutation
Miscellaneous
 K - a plain deck of defence
Comestibles
 d - 7 bread rations
 n - 7 meat rations
 v - 6 beef jerkies
 w - 2 royal jellies
 J - 7 fruits
 R - 6 chunks of flesh


   Skills:
 - Level 10.5 Fighting
 - Level 10.0 Long Blades
 - Level 10.0 Armour
 - Level 10.0 Shields
 * Level 8.2 Invocations


You had 10 spell levels left.
You didn't know any spells.

Dungeon Overview and Level Annotations

Branches:
Dungeon (10/15)            Temple (1/1) D:7            Lair (1/8) D:10
    Orc (0/4) D:10

Altars:
Ashenzari
Cheibriados
Dithmenos
Elyvilon
Fedhas
Gozag
Kikubaaqudgha
Makhleb
Nemelex Xobeh
Okawaru
Qazlal
Ru
Sif Muna
Trog
Vehumet
Xom
Yredelemnul
Zin
The Shining One

Shops:
D:7 *(=*   D:10 [(

Annotations:
D:2 exclusion: oklob plant


Innate Abilities, Weirdness & Mutations

You reflexively headbutt those who attack you in melee.
You have a pair of horns on your head.
You can spit weak poison.
Your muscles are strong. (Str +2)
You expend magic power (3 MP) to strengthen your wands.


Message History

* * * LOW HITPOINT WARNING * * *
Drink which item? (? for menu, Esc to quit)
You feel better. The spiny frog stings you.
* * * LOW HITPOINT WARNING * * *
You are poisoned.
The spiny frog poisons you! The spiny frog stings you!
* * * LOW HITPOINT WARNING * * *
The spiny frog stings you but does no damage.
You are too injured to fight recklessly!
You are too injured to fight recklessly!
You are too injured to fight recklessly!
You are too injured to fight recklessly!
You are too injured to fight recklessly!
You slash the spiny frog!
The spiny frog is severely wounded.
* * * LOW HITPOINT WARNING * * *
You feel sick. The spiny frog completely misses you. You furiously retaliate!
You headbutt the spiny frog, but do no damage.
The spiny frog stings you!
You die...

,*,*,,,*,,,,,,,,.#...*,,,,..#,,..
,,,,,,,*,,,,,,...#...#.**+**,,,..
***,,,,*,,,,,....#......,,,,,,,,.
* *,*,,*,,,,,...........,,,,,,,..
*,*,,*,.,,,,...#......,,,,,,...
**,*,,*,,..,,,..#....,,,,,,,,,..
*,,*,,*,#.#.####...#*,***,*,*,*#
***,*,,,............##** *******#
*,*,*,,,......YF@...P# ##### ##
,,,,*,,,Y.....YF.....#####.#.###.
**+*,,,,,........................
,,,,,,,,,........................
,***,****###########.############
** *** ### #


You could see 3 elephants and 2 spiny frogs.

Vanquished Creatures
  A minotaur (Lab)
  The ghost of inmateoo the Grappler, a powerful NaTm of Cheibriados (Lair:1)
  A centaur warrior (D:9)
  Urug (D:10)
  A hill giant (D:10)
  A black mamba (Lair:1)
  2 komodo dragons (Lair:1)
  A wraith (D:10)
  A wyvern (D:9)
  8 yaks
  A hippogriff (D:10)
  3 ice beasts
  5 orc warriors
  4 water moccasins
  2 eyes of draining (D:6)
  The ghost of Lokkij the Ruffian, an average VSIE of Dithmenos (D:3)
  A sky beast (D:9)
  2 phantoms
  6 centaurs
  5 ogres
  4 big kobolds (D:3)
  7 giant frogs
  6 scorpions
  A quasit (D:9)
  3 hounds
  4 crimson imps
  3 giant frog zombies
  2 jellies (D:9)
  5 orc priests
  3 centaur skeletons
  A giant frog skeleton (D:10)
  2 orc wizards
  Jessica (D:3)
  4 iguanas
  Natasha (thrice) (D:2)
  8 worker ants
  A killer bee zombie (D:8)
  A hound zombie (D:8)
  9 adders
  6 gnolls (D:3)
  8 river rats (Lair:1)
  2 shadow imps
  An adder skeleton (D:6)
  2 worms
  5 giant geckos
  27 orcs
  A ball python (D:5)
  18 bats
  A bat skeleton (D:4)
  4 giant cockroaches
  38 hobgoblins
  19 kobolds
  5 quokkas
  6 giant newts
  A giant spore (D:8)
  47 goblins
  2 quokka skeletons
  9 rats
  A ballistomycete (D:8)
319 creatures vanquished.

Vanquished Creatures (collateral kills)
  A giant frog (D:10)
  A crimson imp (D:10)
  An orc (D:10)
3 creatures vanquished.

Vanquished Creatures (others)
  An orange demon (D:9)
  A hellwing (D:10)
2 creatures vanquished.

Grand Total: 324 creatures vanquished

Notes
Turn   | Place    | Note
--------------------------------------------------------------
     0 | D:1      | Kisielow, the Minotaur Fighter, began the quest for the Orb.
     0 | D:1      | Reached XP level 1. HP: 19/19 MP: 0/0
   158 | D:1      | Reached XP level 2. HP: 27/27 MP: 1/1
   389 | D:1      | Reached skill level 4 in Fighting
   864 | D:2      | Reached XP level 3. HP: 22/33 MP: 2/2
  1134 | D:2      | Noticed Natasha
  1140 | D:2      | Killed Natasha
  1140 | D:2      | Reached XP level 4. HP: 32/41 MP: 3/3
  1313 | D:2      | Found a blossoming altar of Fedhas.
  1325 | D:2      | Noticed an oklob plant
  1498 | D:2      | Noticed Natasha
  1512 | D:2      | Killed Natasha
  1645 | D:2      | Noticed Natasha
  1649 | D:2      | Killed Natasha
  1815 | D:2      | Found a white marble altar of Elyvilon.
  1918 | D:3      | Noticed Lokkij's ghost (average VSIE)
  1937 | D:3      | Killed Lokkij's ghost
  1937 | D:3      | Reached skill level 5 in Armour
  1937 | D:3      | Reached skill level 5 in Shields
  1937 | D:3      | Reached XP level 5. HP: 13/47 MP: 4/4
  2268 | D:3      | Noticed Jessica
  2273 | D:3      | Killed Jessica
  2273 | D:3      | Reached skill level 5 in Fighting
  2489 | D:3      | Reached XP level 6. HP: 43/56 MP: 5/5
  2567 | D:3      | Noticed a big kobold
  2569 | D:3      | Noticed a big kobold
  2570 | D:3      | Noticed a big kobold
  2572 | D:3      | Noticed a big kobold
  2593 | D:3      | Killed a big kobold
  2598 | D:3      | Killed a big kobold
  2602 | D:3      | Killed a big kobold
  2602 | D:3      | Reached skill level 6 in Shields
  2604 | D:3      | Killed a big kobold
  2604 | D:3      | Reached XP level 7. HP: 26/61 MP: 6/6
  3198 | D:3      | Reached skill level 5 in Long Blades
  3857 | D:4      | Found a burning altar of Makhleb.
  3857 | D:4      | Noticed a cacodemon
  3862 | D:4      | Noticed an orange demon
  3862 | D:4      | Noticed a smoke demon
  3864 | D:4      | Became a worshipper of Makhleb the Destroyer
  4366 | D:4      | Reached skill level 7 in Armour
  4647 | D:4      | Acquired Makhleb's first power
  4768 | D:5      | Entered Level 5 of the Dungeon
  4805 | D:5      | Reached XP level 8. HP: 59/70 MP: 7/7
  6159 | D:6      | Acquired Makhleb's second power
  6164 | D:6      | Reached skill level 8 in Shields
  6414 | D:6      | Found a bloodstained altar of Trog.
  6445 | D:6      | Reached XP level 9. HP: 66/79 MP: 0/8
  6580 | D:6      | Found a shimmering altar of Xom.
  6902 | D:7      | Found Ycugagesk's Assorted Antiques.
  6910 | D:7      | Bought a scroll labeled QUCHIZOONG for 31 gold pieces
  7013 | D:7      | Found a shattered altar of Ashenzari.
  7014 | D:7      | Found an opulent altar of Gozag.
  7017 | D:7      | Found a deep blue altar of Sif Muna.
  7057 | D:7      | Found Pimothule's Antique Weapon Shoppe.
  7076 | D:7      | Found a staircase to the Ecumenical Temple.
  7108 | Temple   | Entered the Ecumenical Temple
  7321 | D:7      | Found Motsob's Jewellery Emporium.
  7377 | D:7      | Found Paymp's Assorted Antiques.
  7642 | D:8      | Reached skill level 9 in Shields
  7671 | D:8      | Acquired Makhleb's third power
  7884 | D:8      | Found a basalt altar of Yredelemnul.
  7884 | D:8      | Found a stormy altar of Qazlal.
  7885 | D:8      | Found a glowing golden altar of the Shining One.
  8110 | D:8      | Reached skill level 10 in Shields
  8337 | D:8      | Found a bloodstained altar of Trog.
  8337 | D:8      | Found an iron altar of Okawaru.
  8394 | D:8      | Reached XP level 10. HP: 90/90 MP: 9/9
  8601 | D:9      | Acquired Makhleb's fourth power
  8710 | D:9      | Gained mutation: You expend magic power (3 MP) to strengthen your wands. [mutagenic meat]
  8711 | D:9      | Gained mutation: You can spit weak poison. [mutagenic meat]
  8712 | D:9      | Gained mutation: Your muscles are strong. (Str +2) [mutagenic meat]
  8927 | D:9      | Noticed a centaur warrior
  8945 | D:9      | Killed a centaur warrior
  8945 | D:9      | Reached skill level 10 in Long Blades
  9398 | D:9      | Reached skill level 10 in Armour
  9424 | D:10     | Entered Level 10 of the Dungeon
  9498 | D:10     | Found a staircase to the Lair.
  9602 | D:10     | Noticed a hill giant
  9613 | D:10     | Killed a hill giant
  9613 | D:10     | Reached skill level 10 in Fighting
  9908 | D:10     | Reached skill level 1 in Invocations
  9932 | D:10     | Noticed Urug
 10012 | D:10     | Killed Urug
 10263 | D:10     | Found Nusat's Weapon Shop.
 10264 | D:10     | Found a staircase to the Orcish Mines.
 10296 | D:10     | Found Kakhlyot's Armour Shop.
 10487 | D:10     | Reached skill level 5 in Invocations
 10536 | Lair:1   | Entered Level 1 of the Lair of Beasts
 10536 | Lair:1   | Noticed inmateoo's ghost (powerful NaTm)
 10583 | Lair:1   | Killed inmateoo's ghost
 10583 | Lair:1   | Reached XP level 11. HP: 61/101 MP: 12/14
 10596 | Lair:1   | Found a labyrinth entrance.
 10616 | Lair:1   | Acquired Makhleb's fifth power
 10645 | Lab      | Entered a labyrinth
 12032 | Lab      | Noticed a minotaur
 12062 | Lab      | Killed a minotaur
 12123 | Lab      | Got a brightly glowing longbow
 12123 | Lab      | Got a pair of ancient boots
 12123 | Lab      | Got a pair of slimy boots
 12123 | Lab      | Got a shimmering swamp dragon armour
 12353 | D:10     | Identified the +1 pair of boots of the Gusle {Dex+3} (You found it in a labyrinth)
 12363 | D:10     | Identified the +0 pair of boots of Analysis {rF+ Str+4 Int-3} (You found it in a labyrinth)
 12373 | D:10     | Identified the cursed +0 swamp dragon armour "Rackaf" {rPois Str+5 Dex+4} (You found it in a labyrinth)
 12378 | D:10     | Identified the +6 longbow "Dragon's Demise" {speed, MR+} (You found it in a labyrinth)
 12489 | Lair:1   | Noticed a black mamba
 12495 | Lair:1   | Killed a black mamba
 12523 | Lair:1   | Noticed an elephant
 12523 | Lair:1   | Noticed an elephant
 12527 | Lair:1   | Slain by a spiny frog

Action                   |  1- 3 |  4- 6 |  7- 9 | 10-12 || total
-------------------------+-------+-------+-------+-------++-------
Melee: Long sword        |    79 |   140 |   527 |   360 ||  1106
       Great sword       |       |       |       |    17 ||    17
Invok: Minor Destruction |       |       |    13 |     4 ||    17
       Lesser Servant of |       |       |       |     3 ||     3
  Use: Potion            |       |     1 |       |    10 ||    11
       Scroll            |       |       |    20 |     5 ||    25
  Eat: Chunk             |       |     5 |    19 |    14 ||    38
       Beef jerky        |       |       |       |     1 ||     1
       Pizza             |       |       |       |     2 ||     2
